Map: Ruins of Seras

Players

Grumm - Winner!

  • Race: Protoss Protoss
  • League: Gold

aiKi

  • Race: Terran Terran
  • League: Silver

VOD

Have the link to the VOD?

Description

Time

  • Played on: Jan. 14, 2016, 12:48 a.m.
  • Length: 15:45
Show
View Real Time Build Order
Export as new Build Order

Grumm Protoss - Winner!

Build Orders: 1 Gate Expand 

Get SALT Encoding   

  12  0:01  Probe (Chrono Boost)  
  13  0:11  Probe (Chrono Boost)  
  14  0:21  Pylon  
  14  0:22  Probe (Chrono Boost)  
  15  0:39  Gateway, Probe (Chrono Boost)  
  16  0:48  Assimilator  
  16  0:49  Probe (Chrono Boost)  
  17  1:00  Probe (Chrono Boost)  
  18  1:23  Probe (Chrono Boost)  
  18  1:24  Nexus  
  19  1:35  Cybernetics Core  
  19  1:42  Probe (Chrono Boost)  
  20  1:47  Assimilator  
  20  1:53  Probe (Chrono Boost)  
  21  2:01  Pylon  
  21  2:04  Probe (Chrono Boost)  
  22  2:13  Warp Gate  
  22  2:16  Probe (Chrono Boost)  
  22  2:19  Adept  
  25  2:48  Mothership Core (Chrono Boost)  
  25  2:49  Nexus  
  27  2:56  Pylon  
  28  3:05  Probe (Chrono Boost)  
  28  3:06  Probe (Chrono Boost)  
  29  3:16  Probe (Chrono Boost)  
  29  3:18  Stargate  
  30  3:28  Gateway  
  30  3:31  Probe (Chrono Boost)  
  31  3:38  Probe (Chrono Boost)  
  32  3:41  Probe (Chrono Boost)  
  32  3:45  Pylon  
  33  3:49  Probe (Chrono Boost)  
  33  3:54  Gateway  
  34  4:00  Assimilator  
  34  4:03  Probe x2 (Chrono Boost)  
  36  4:14  Oracle (Chrono Boost)  
  38  4:20  Probe  
  39  4:26  Forge  
  39  4:31  Stalker  
  41  4:33  Zealot  
  41  4:36  Probe  
  44  4:40  Probe x2  
  46  4:52  Gateway  
  46  4:56  Gateway  
  46  5:03  Photon Cannon  
  46  5:04  Probe  
  46  5:05  Probe  
  48  5:14  Photon Cannon  
  48  5:19  Phoenix (Chrono Boost)  
  50  5:22  Probe  
  50  5:23  Probe x2  
  53  5:34  Pylon  
  53  5:44  Photon Cannon  
  53  5:45  Stalker x2  
  53  5:47  Sentry  
  59  6:02  Void Ray (Chrono Boost)  
  63  6:07  Stargate  
  63  6:08  Stargate  
  63  6:10  Pylon  
  63  6:11  Probe  
  63  6:16  Probe x2  
  63  6:17  Protoss Ground Armor Level 1  
  64  6:26  Photon Cannon  
  61  6:45  Probe x2  
  61  6:46  Probe  
  63  6:50  Assimilator  
  63  6:55  Probe x2  
  63  6:58  Probe  
  66  7:06  Probe x2  
  68  7:10  Probe  
  68  7:11  Zealot x2  
  68  7:12  Zealot  
  68  7:15  Sentry  
  77  7:16  Probe, Sentry  
  80  7:35  Probe x2  
  80  7:36  Probe  
  82  7:42  Void Ray (Chrono Boost)  
  91  7:46  Probe  
  91  7:47  Void Ray (Chrono Boost)  
  91  7:49  Probe  
  93  7:53  Pylon  
  93  7:56  Pylon  
  93  8:10  Robotics Facility x2  
  97  8:14  Pylon  
  97  8:17  Void Ray (Chrono Boost)  
  97  8:18  Protoss Ground Weapons Level 1  
  97  8:19  Pylon  
  97  8:40  Probe x2  
  97  8:41  Probe, Photon Cannon  
  97  8:44  Assimilator  
  100  8:52  Gateway  
  100  8:53  Gateway  
  100  8:55  Gateway  
  100  8:59  Pylon, Nexus  
  100  9:02  Pylon x2  
  100  9:05  Robotics Bay  
  100  9:06  Observer, Pylon  
  100  9:07  Immortal  
  105  9:15  Forge  
  105  9:16  Gateway  
  105  9:19  Stalker  
  105  9:20  Stalker  
  105  9:21  Probe  
  105  9:22  Pylon  
  110  9:46  Colossus x2  
  122  9:56  Extended Thermal Lance (Chrono Boost)  
  122  10:01  Probe x3  
  125  10:28  Nexus  
  125  10:29  Pylon, Protoss Shields Level 1 (Chrono Boost)  
  125  10:35  Twilight Council  
  125  10:38  Assimilator  
  125  10:42  Probe x2  
  127  10:43  Probe  
  127  10:46  Photon Cannon  
  128  10:52  Colossus  
  128  10:54  Probe x2  
  128  10:55  Probe  
  131  10:57  Colossus  
  131  10:58  Nexus  
  143  11:06  Probe  
  143  11:07  Probe x2  
  146  11:18  Charge  
  146  11:19  Probe x3  
  149  11:27  Protoss Ground Armor Level 2 (Chrono Boost)  
  149  11:33  Protoss Air Weapons Level 1  
  141  12:09  Probe x2  
  141  12:10  Probe x2  
  141  12:14  Assimilator  
  141  12:18  Assimilator  
  141  12:19  Zealot x3  
  141  12:20  Zealot x6, Photon Cannon  
  141  12:21  Probe x2  
  141  12:22  Probe x2  
  162  12:23  Pylon  
  162  12:27  Pylon  
  162  12:28  Pylon  
  163  12:31  Colossus  
  163  12:33  Pylon, Probe  
  163  12:34  Probe  
  165  12:37  Void Ray x3  
  165  12:38  Colossus  
  165  12:42  Observer Gravitic Boosters  
  189  12:47  Protoss Ground Weapons Level 2 (Chrono Boost)  
  186  13:18  Photon Cannon  
  186  13:20  Photon Cannon  
  186  13:55  Stalker  
  186  13:56  Stalker x5  
  186  13:57  Stalker, Nexus  
  186  14:00  Pylon  
  186  14:02  Pylon  
  186  14:12  Zealot x2  
  186  14:13  Probe  
  186  14:14  Probe  
  186  14:17  Probe  
  188  14:18  Probe  
  190  14:31  Photon Cannon  
  190  14:32  Assimilator  
  190  14:33  Probe x2  
  190  14:34  Probe x3  
  190  14:38  Assimilator  
  195  14:39  Pylon  
  195  14:42  Pylon  
  195  14:43  Assimilator  
  195  14:46  Photon Cannon  
  195  14:47  Assimilator  
Show
View Real Time Build Order
Export as new Build Order

aiKi Terran 

Build Orders: Command Center First (CC), MMM Bio 

Get SALT Encoding   

  12  0:00  SCV  
  13  0:13  SCV  
  14  0:18  Supply Depot  
  14  0:25  SCV  
  15  0:40  SCV  
  16  0:52  SCV  
  17  1:03  Command Center  
  17  1:06  SCV  
  18  1:20  SCV  
  18  1:23  Barracks  
  19  1:32  SCV  
  20  1:34  Refinery  
  20  1:35  Refinery  
  20  1:44  SCV  
  21  1:58  SCV  
  22  2:16  Marine  
  22  2:17  Orbital Command  
  22  2:18  Bunker, Orbital Command  
  23  2:31  Factory  
  23  2:34  Marine  
  24  2:46  SCV  
  24  2:47  SCV  
  26  2:56  Barracks Tech Lab  
  26  3:02  SCV x2  
  28  3:17  Starport  
  28  3:18  Factory Tech Lab  
  28  3:27  SCV  
  28  3:28  SCV  
  30  3:39  Marine  
  31  3:53  SCV x2  
  32  4:01  Marine  
  33  4:03  Stimpack  
  33  4:14  Command Center  
  36  4:31  Engineering Bay, SCV x2  
  36  4:33  Factory Reactor  
  36  4:35  Banshee  
  36  4:36  Cloaking Field  
  38  4:45  Barracks  
  38  4:46  Barracks  
  38  4:47  Barracks  
  38  4:49  Supply Depot  
  38  4:53  Marine  
  38  4:54  SCV  
  38  4:55  Supply Depot  
  38  4:58  SCV  
  41  5:01  Terran Infantry Weapons Level 1  
  41  5:11  Marine  
  42  5:15  Liberator, SCV x2  
  42  5:18  Widow Mine  
  42  5:19  Widow Mine  
  48  5:34  Barracks Reactor  
  48  5:35  Barracks Reactor x2  
  51  5:37  SCV x2  
  51  5:41  Refinery  
  51  5:42  Refinery, Marine  
  54  5:49  SCV x2  
  56  5:51  Planetary Fortress  
  56  6:01  SCV  
  56  6:03  Widow Mine  
  56  6:04  Widow Mine  
  57  6:05  Marine  
  62  6:20  Marine x2  
  62  6:21  Marine x4  
  62  6:23  Marine  
  69  6:40  Marine x4  
  70  6:52  Missile Turret  
  70  6:57  Missile Turret  
  70  7:00  Missile Turret, SCV x3  
  73  7:12  SCV  
  73  7:13  SCV  
  73  7:14  Marine, SCV  
  77  7:25  Supply Depot  
  77  7:26  Supply Depot  
  77  7:27  Supply Depot  
  77  7:37  Terran Infantry Armor Level 1, Armory  
  77  7:43  Supply Depot  
  77  7:46  Medivac x2, Marine x2, SCV x2  
  77  7:47  Marine x2  
  77  7:48  SCV  
  88  7:58  Marine x3  
  89  7:59  SCV x2  
  89  8:00  SCV  
  89  8:04  Marine x2  
  96  8:06  Supply Depot  
  96  8:07  Supply Depot  
  96  8:09  Supply Depot, Marine x2  
  96  8:10  Supply Depot  
  96  8:11  SCV  
  99  8:16  Marine x2, Barracks  
  99  8:17  Marauder  
  99  8:18  Barracks  
  99  8:19  Barracks x2  
  103  8:21  Barracks  
  103  8:22  Medivac x2  
  107  8:28  Thor  
  113  8:34  SCV x2  
  115  8:41  SCV  
  115  8:42  Refinery  
  115  8:44  Refinery  
  115  8:46  SCV  
  115  8:47  SCV  
  118  8:52  Command Center  
  118  8:54  SCV  
  119  8:56  Medivac  
  119  8:57  Medivac  
  119  9:02  Terran Vehicle Weapons Level 1  
  123  9:09  Barracks  
  123  9:11  Liberator, Thor  
  123  9:12  Liberator, Barracks  
  123  9:13  Barracks Tech Lab x2, Barracks Reactor  
  123  9:14  Barracks Tech Lab, Barracks Reactor  
  123  9:16  Marine x2, Barracks  
  123  9:17  Marine  
  132  9:27  Marine  
  139  9:37  Marine x5  
  148  9:38  Marauder x2  
  148  9:46  Supply Depot  
  148  9:48  Supply Depot x2  
  148  9:50  Combat Shields  
  148  9:51  Concussive Shells  
  148  10:07  Orbital Command  
  148  10:17  Marine x3  
  148  10:18  Marauder, Marine x6  
  148  10:19  Marauder x3  
  164  10:29  Missile Turret  
  164  10:31  Marine x2  
  164  10:35  Marine  
  167  10:40  Marauder, Marine x2, SCV x3  
  167  10:41  Marauder, Marine x4  
  180  10:45  Terran Infantry Weapons Level 2  
  180  10:59  Orbital Command  
  180  11:11  Command Center  
  180  11:24  Medivac x2  
  180  11:25  Marine x3  
  184  11:26  Missile Turret, Marine  
  184  11:27  Missile Turret  
  188  11:37  Marine x2  
  188  11:38  Marauder x3, Marine x2  
  198  11:43  Supply Depot  
  197  12:01  Marine x3  
  197  12:09  Thor  
  200  13:10  Barracks Reactor  
  200  13:11  Barracks Reactor  
  200  13:28  Liberator  
  196  13:40  Marine x5  
  196  13:41  Marine x8  
  174  13:57  Marine  
  174  13:58  Orbital Command, Marine x4  
  174  13:59  Marauder x3  
  163  14:18  Marine x4  
  163  14:19  Marine x3  
  163  14:20  Marauder x2  
  163  14:21  Marauder  
  173  14:36  Missile Turret  
  173  14:37  Missile Turret  
  173  14:41  Liberator x2  
  173  14:52  Siege Tank  
Tags
 
Add a new tag
Caveats
  • Supply blocks, unpowered buildings, or Contaminate may cause inaccurate times.
  • Supply counts are checked every 10 seconds.